 Dungeon Crawl Stone Soup version 0.31-a0-348-g810772c3d7 (webtiles) character file.

Game seed: 7605259723826987874

613 AdnanSaban the Cudgeller (level 7, 0/44 HPs)
             Began as a Gargoyle Fighter on July 23, 2023.
             Slain by a gnoll
             ... wielding a +0 halberd
             ... led by a gnoll bouda
              (10 damage)
             ... on level 4 of the Dungeon.
             The game lasted 00:03:06 (2899 turns).

AdnanSaban the Cudgeller (Gargoyle Fighter)         Turns: 2899, Time: 00:03:07

Health: 0/44       AC: 16    Str: 21    XL:     7   Next: 44%
Magic:  16/16      EV:  9    Int:  9    God:
Gold:   213        SH:  9    Dex:  9    Spells: 6/6 levels left

rFire   . . .        u - +5 mace "Neeph" {freeze, rN+ MP+9}
rCold   . . .        c - +0 buckler
rNeg    + + +        b - +0 scale mail
rPois   ∞            t - +0 helmet
rElec   +            w - +0 cloak
rCorr   .            h - +1 pair of gloves
SInv    .            (no boots)
Will    .....        z - amulet of reflection Stlth
                     f - +4 ring of slaying
HPRegen 0.27/turn    m - ring of positive energy
MPRegen 0.15/turn

%: reflection
@: no status effects
A: sickness immunity, AC +4, negative energy resistance 1, electricity
resistance, torment resistance 1, petrification resistance
a: no special abilities


You were on level 4 of the Dungeon.
You visited 1 branch of the dungeon, and saw 4 of its levels.

You collected 213 gold pieces.

Inventory:

Hand Weapons
 u - the +5 mace "Neeph" (weapon) {freeze, rN+ MP+9}
   (You found it on level 3 of the Dungeon)

   rN:        It protects you from negative energy.
   MP:        It affects your magic capacity (+9).
Armour
 b - a +0 scale mail (worn)
 c - a +0 buckler (worn)
 h - a +1 pair of gloves (worn)
 t - a +0 helmet (worn)
 w - a +0 cloak (worn)
Jewellery
 f - a +4 ring of slaying (left hand)
 m - a ring of positive energy (right hand)
 z - an amulet of reflection (around neck)
Scrolls
 i - 4 scrolls of teleportation {unknown}
 j - 2 scrolls of poison {unknown}
 l - 5 scrolls of identify {unknown}
 n - a scroll of revelation {unknown}
 o - 4 scrolls of fear {unknown}
 r - 2 scrolls of vulnerability {unknown}
 s - a scroll of blinking {unknown}
 v - a scroll of enchant armour {unknown}
 x - a scroll of torment {unknown}
 y - a scroll of noise {unknown}
 A - a scroll of summoning {unknown}
Potions
 a - a potion of curing {unknown}
 d - a potion of might
 e - a potion of brilliance {unknown}
 g - 2 potions of attraction {unknown}
 k - a potion of cancellation {unknown}
 p - a potion of haste {unknown}
 q - 4 potions of enlightenment {unknown}


   Skills:
 + Level 4.7 Fighting
 + Level 5.5 Maces & Flails
 + Level 5.0 Armour
 + Level 1.0 Dodging
 + Level 4.6 Shields


You had 6 spell levels left.
You didn't know any spells.
Your spell library contained the following spells:

 Spells                   Type           Power      Damage    Failure   Level
 Lesser Beckoning         Tloc           0%         N/A       89%         2
 Gell's Gravitas          Tloc           0%         N/A       98%         3
 Teleport Other           Tloc           0%         N/A       98%         3


Dungeon Overview and Level Annotations

Branches:
Dungeon (4/15)
 Temple: D:4-7

Altars:
Vehumet

Shops:
D:2 *   D:4 (


Innate Abilities, Weirdness & Mutations

You are immune to sickness and miasma.
Your stone body is resilient. (AC +4)
You are immune to poison.
You resist negative energy. (rN+)
You are resistant to electric shocks. (rElec)
You are resistant to unholy torment.
You are immune to petrification.


Message History

The gnoll bouda closely misses you.
You hit the gnoll bouda. You freeze the gnoll bouda.
The gnoll bouda is severely wounded.
The gnoll hits you with a +0 whip. The gnoll hits you but does no damage.
The gnoll bouda hits you but does no damage.
You block the gnoll's attack.
You completely miss the gnoll bouda.
The gnoll bouda is severely wounded.
The gnoll hits you from afar with a +0 halberd.
The gnoll bouda gazes fiercely through you!
You feel as though you will be weak longer.
You block the gnoll bouda's attack. The gnoll hits you but does no damage.
You thump the gnoll bouda! You freeze the gnoll bouda.
You kill the gnoll bouda!
The gnoll hits you from afar with a +0 halberd!
You block the gnoll's attack.
The gnoll hits you from afar with a +0 halberd!
* * * LOW HITPOINT WARNING * * *
Your Armour skill increases to level 5!
The gnoll attacks as you move away! The gnoll hits you but does no damage.
You block the gnoll's attack. The gnoll barely misses you.
The gnoll is no longer moving quickly.
Your attacks no longer feel as feeble.
The gnoll attacks as you move away! You block the gnoll's attack.
The gnoll is no longer moving quickly.
The gnoll attacks as you move away! The gnoll barely misses you.
The gnoll attacks as you move away! The gnoll hits you with a +0 whip.
* * * LOW HITPOINT WARNING * * *
The gnoll attacks as you move away! The gnoll hits you with a +0 whip!
* * * LOW HITPOINT WARNING * * *
The gnoll attacks as you move away! The gnoll hits you but does no damage.
You see here a +0 short sword.
The gnoll attacks as you move away! The gnoll hits you but does no damage.
The gnoll attacks as you move away! The gnoll hits you but does no damage.
The gnoll attacks as you move away! The gnoll hits you but does no damage.
The gnoll attacks as you move away! The gnoll hits you but does no damage.
There is a stone staircase leading up here.
The gnoll hits you from afar with a +0 halberd!
You die...

##....# #.# #.#..........##
#.#######.###......)......##
##.......#..##..............#
............................#
##########(.................#
#..............>...#
#......g...........### ##
#.[....g.............#
.#######
#......@.)....#...#..#
...<...#
#.........##.###.###.#
######.#
#.............#...#..# ###
#.........#....._....#
#.........##..#...#..#
#########.##.###.###.##
#.##..#...#...#
#.##..........#
#.............#


You could see 2 gnolls.

Vanquished Creatures
  Sigmund (D:3)
  An ogre (D:4)
  A hound (D:4)
  A gnoll bouda (D:4)
  3 jellies
  An iguana (D:4)
  Terence (D:3)
  6 gnolls (D:4)
  5 adders
  2 worms
  2 dart slugs
  2 orcs
  8 endoplasms
  6 giant cockroaches
  5 hobgoblins
  2 jackals (D:4)
  5 kobolds
  5 quokkas
  6 ball pythons
  6 bats
  3 frilled lizards (D:2)
  5 goblins
  2 rats
79 creatures vanquished.

Notes
Turn   | Place    | Note
-------+----------+-------------------------------------------
     0 | D:1      | AdnanSaban the Gargoyle Fighter began the quest for the
                  | Orb.
     0 | D:1      | Reached XP level 1. HP: 14/14 MP: 1/1
   139 | D:1      | Reached XP level 2. HP: 3/19 MP: 2/2
   392 | D:1      | Reached XP level 3. HP: 23/23 MP: 3/3
   815 | D:2      | Found a faded altar of an unknown god.
  1070 | D:2      | Found Vuaforrugo's General Store.
  1742 | D:3      | Reached XP level 4. HP: 24/29 MP: 4/4
  1763 | D:3      | Noticed Sigmund
  1770 | D:3      | Killed Sigmund
  1771 | D:3      | Reached XP level 5. HP: 32/33 MP: 5/5
  1774 | D:3      | Reached XP level 6. HP: 17/38 MP: 6/6
  1931 | D:3      | Identified the +5 mace "Neeph" {freeze, rN+ MP+9}
  2201 | D:3      | Noticed Terence
  2207 | D:3      | Killed Terence
  2437 | D:4      | Found a radiant altar of Vehumet.
  2541 | D:4      | Reached skill level 5 in Maces & Flails
  2541 | D:4      | Reached skill level 1 in Dodging
  2541 | D:4      | Reached XP level 7. HP: 44/44 MP: 7/7
  2545 | D:4      | Found Vatumpoz's Weapon Boutique.
  2863 | D:4      | Reached skill level 5 in Armour
  2899 | D:4      | Slain by a gnoll

Illustrated notes

Levels and vault maps discovered:
D:1:      dpeg_arrival_simpleton_b, layout_basic, dk_noncrumbling_3,
          minmay_worlds_worst_comb
D:2:      layout_basic, serial_shops, shop,
          chequers_ecumenical_altar_simple_redux
D:3:      layout_rooms, serial_bayou_lake_a, uniq_sigmund, uniq_terence
D:4:      layout_rooms, vehumet_crystals, serial_shops, nicolae_shop_trees

Skill      XL: |  1  2  3  4  5  6  7 |
---------------+----------------------+-----
Armour         | 4 5 |  5.0
Fighting       | 4 |  4.7
Maces & Flails | 3 4 5 |  5.5
Shields        | 4 |  4.6
Dodging        | 1 |  1.0

Action                     |  1- 3 |  4- 6 |  7- 9 || total
---------------------------+-------+-------+-------++-------
  Melee: Flail             |   157 |    14 |       ||   171
         Mace              |       |    48 |    30 ||    78
 Armour: Scale mail        |    91 |    21 |    16 ||   128
  Dodge: Dodged            |    89 |    36 |    15 ||   140
  Block: Buckler           |    33 |    18 |    22 ||    73

Table legend: (Time is in decaauts)
 A = Elapsed time spent in this place.
 B = Non-inter-level travel time spent in this place.
 C = Inter-level travel time spent in this place.
 D = Time resting spent in this place.
 E = Time spent auto-exploring this place.
 F = Levels seen in this place.
 G = Mean time per level.
                   A        B        C        D        E       F      G
               +--------+--------+--------+--------+--------+-----+--------+
         Total |   2993 |   2910 |     83 |      0 |   2259 |   4 |  748.2 |
       Dungeon |   2993 |   2910 |     83 |      0 |   2259 |   4 |  748.2 |
               +--------+--------+--------+--------+--------+-----+--------+

Top non-repeatable levels by time:
     D:2: 921 daAuts
     D:1: 824 daAuts
     D:3: 757 daAuts
     D:4: 489 daAuts
